 Dungeon Crawl Stone Soup version 0.31-a0-1370-gf52a5a9ab3 (console) character file.

Game seed: 11813356194666780949

9265 jejorda2 the Cleaver (level 11, 0/89 HPs)
             Began as a Gnoll Berserker on Dec 23, 2023.
             Was an Elder of Trog.
             Slain by a water elemental (5 damage)
             ... on level 10 of the Dungeon.
             The game lasted 00:20:09 (9124 turns).

jejorda2 the Cleaver (Gnoll Berserker)              Turns: 9124, Time: 00:20:15

Health: 0/89       AC: 16    Str: 21    XL:     11   Next: 43%
Magic:  20/20      EV: 12    Int:  7    God:    Trog [****..]
Gold:   566        SH:  0    Dex: 11    Spells: 23/23 levels left

rFire   . . .        a - +1 war axe (heavy)
rCold   . . .        (no shield)
rNeg    + . .        y - +3 scale mail {rN+}
rPois   +            j - +0 helmet
rElec   .            x - +1 cloak
rCorr   .            r - +0 pair of gloves
SInv    .            (no boots)
Will    .....        z - amulet of faith
Stlth   ++           v - +4 ring of slaying
HPRegen 0.34/turn    d - ring of poison resistance
MPRegen 0.17/turn

%: faith
@: engulfed (cannot breathe), on berserk cooldown, slowed, very slow
A: fangs 1, strong nose, distributed training
a: Renounce Religion, Berserk, Trog's Hand, Brothers in Arms


You were on level 10 of the Dungeon.
You worshipped Trog.
Trog was greatly pleased with you.
You visited 1 branch of the dungeon, and saw 10 of its levels.

You collected 566 gold pieces.

Inventory:

Hand Weapons
 a - a +1 heavy war axe (weapon)
 b - the +7 staff of the Meek {protect, meekguard}
   (You found it on level 3 of the Dungeon)
 C - a -2 eveningstar
Missiles
 f - a curare-tipped dart
 l - 5 boomerangs (quivered)
 q - a throwing net
 t - 46 poisoned darts
Armour
 j - a +0 helmet (worn)
 o - a +0 ring mail of cold resistance
 r - a +0 pair of gloves (worn)
 x - a +1 cloak (worn)
 y - a +3 scale mail of positive energy (worn)
Jewellery
 d - a ring of poison resistance (right hand)
 v - a +4 ring of slaying (left hand)
 z - an amulet of faith (around neck)
Wands
 c - a wand of quicksilver (12)
 u - a wand of roots (32)
Scrolls
 h - 2 scrolls of identify
 m - 2 scrolls of teleportation
 p - a scroll of torment {unknown}
 s - a scroll of enchant weapon
Potions
 e - a potion of mutation
 g - 2 potions of cancellation
 i - a potion of resistance
 k - 3 potions of curing
 n - 3 potions of lignification
 w - a potion of might
 B - a potion of haste


   Skills:
 + Level 9.3 Fighting
 + Level 6.5 Short Blades
 + Level 6.5 Long Blades
 + Level 9.3 Axes
 + Level 6.5 Maces & Flails
 + Level 6.5 Polearms
 + Level 6.5 Staves
 + Level 6.5 Ranged Weapons
 + Level 6.5 Throwing
 + Level 8.0 Armour
 + Level 8.0 Dodging
 + Level 6.5 Stealth
 + Level 6.5 Shields
 + Level 6.5 Unarmed Combat
 + Level 6.5 Spellcasting
 + Level 5.4 Conjurations
 + Level 5.4 Hexes
 + Level 5.4 Summonings
 + Level 5.4 Necromancy
 + Level 5.4 Translocations
 + Level 5.4 Fire Magic
 + Level 5.4 Ice Magic
 + Level 5.4 Air Magic
 + Level 5.4 Earth Magic
 + Level 5.4 Alchemy
 + Level 7.1 Invocations
 + Level 6.5 Evocations
 + Level 5.9 Shapeshifting


You had 23 spell levels left.
You didn't know any spells.
Your spell library was empty.

Dungeon Overview and Level Annotations

Branches:
Dungeon (10/15)            Temple (0/1) D:4             Orc (0/2) D:10
   Lair: D:8-11

Altars:
Ashenzari
Elyvilon
Hepliaklqana
Nemelex Xobeh
Xom
Yredelemnul

Shops:
D:3 [   D:5 (   D:7 **


Innate Abilities, Weirdness & Mutations

You have very sharp teeth.
Your uncanny sense of smell can sniff out nearby items.
Your experience applies equally to all skills.


Message History

You barely miss the water elemental.
The water elemental is moderately damaged.
Your lungs strain for air!
You are no longer berserk.
You are exhausted.
You feel yourself slow down. The water elemental hits you. x2
You hit the water elemental.
The water elemental is heavily damaged.
Your lungs strain for air!
The water elemental hits you. The water elemental closely misses you.
You sock the water elemental!
The water elemental is severely damaged.
Your lungs strain for air!
The water elemental hits you. The water elemental barely misses you.
You hit the water elemental.
The water elemental is almost destroyed.
Your lungs strain for air!
The water elemental hits you. x2; The water elemental barely misses you.
The water elemental hits you.
* * * LOW HITPOINT WARNING * * *
Your lungs strain for air!
The water elemental attacks as it pursues you!
The water elemental hits you. x2
The +7 staff of the Meek {protect, meekguard} goes still.
a - a +1 heavy war axe (weapon)
* * * LOW HITPOINT WARNING * * *
Your lungs strain for air!
The water elemental hits you!
* * * LOW HITPOINT WARNING * * *
The water elemental closely misses you.
You cannot read scrolls while unable to breathe!
Unknown command.
Unknown command.
You slip free of the water engulfing you.
You gasp with relief as air once again reaches your lungs.
The water elemental attacks as it pursues you!
The water elemental hits you.
The water elemental engulfs you in water!
The water elemental hits you.
You die...

#### #~~~## ≈~~...#
≈≈~~...############ #####
≈≈~~.......##.....###....
∆
≈≈.......E.......>..#.###
≈~......@E.##.#.#.#.#.#..
≈≈≈~...####...........#.#
≈≈~...##......###.#.###.#
#~~.###.......'...#.# #.#
#####
#####.........###.#.# #.#
##...#
#...............#.###.#
.....##
##.........###.#...[.#
##....## #........##
#.####### ####..###
#..).....# #.# #...


You could see 2 water elementals.

Vanquished Creatures
  2 two-headed ogres
  A boulder beetle (D:9)
  Pikel (D:5)
  Maurice (D:9)
  3 trolls (D:10)
  A hornet (D:7)
  Grinder (D:4)
  2 water elementals (D:10)
  A shadow (D:10)
  A wraith (D:9)
  A wyvern (D:10)
  A steam dragon (D:7)
  4 yaks (D:10)
  Menkaure (D:7)
  A water moccasin (D:7)
  Edmund (D:4)
  A sky beast (D:6)
  3 orc warriors
  6 ice beasts
  A black bear (D:7)
  4 ogres
  2 centaurs
  A phantom (D:6)
  3 kobold brigands
  5 bullfrogs
  4 scorpions (D:6)
  11 killer bees (D:9)
  2 howler monkeys (D:10)
  An electric eel (D:10)
  6 hounds
  4 jellies
  3 orc priests
  Crazy Yiuf (D:4)
  Ijyb (D:4)
  5 orc wizards
  A sleepcap (D:4)
  7 gnolls (D:5)
  8 adders
  A shadow imp (D:5)
  6 ufetubi
  2 worms
  36 orcs
  4 ball pythons
  8 bats
  9 endoplasms
  3 giant cockroaches
  7 hobgoblins
  4 jackals
  4 quokkas
  3 frilled lizards
  6 goblins
  16 kobolds
  3 rats
215 creatures vanquished.

Notes
Turn   | Place    | Note
-------+----------+-------------------------------------------
     0 | D:1      | jejorda2 the Gnoll Berserker began the quest for the Orb.
     0 | D:1      | Reached XP level 1. HP: 23/23 MP: 1/1
   118 | D:1      | Reached XP level 2. HP: 29/29 MP: 2/2
   977 | D:2      | Reached XP level 3. HP: 35/35 MP: 3/3
  1095 | D:2      | Reached skill level 1 in Invocations
  1548 | D:2      | Reached skill level 1 in Short Blades
  1548 | D:2      | Reached skill level 1 in Long Blades
  1548 | D:2      | Reached skill level 1 in Maces & Flails
  1548 | D:2      | Reached skill level 1 in Polearms
  1548 | D:2      | Reached skill level 1 in Staves
  1548 | D:2      | Reached skill level 1 in Ranged Weapons
  1548 | D:2      | Reached skill level 1 in Throwing
  1548 | D:2      | Reached skill level 1 in Stealth
  1548 | D:2      | Reached skill level 1 in Shields
  1548 | D:2      | Reached skill level 1 in Unarmed Combat
  1548 | D:2      | Reached skill level 1 in Spellcasting
  1548 | D:2      | Reached skill level 1 in Evocations
  1743 | D:3      | Identified the +0 robe "Isuowula" {Will+}
  1859 | D:3      | Reached ** piety under Trog
  1875 | D:3      | Reached skill level 1 in Shapeshifting
  1875 | D:3      | Reached XP level 4. HP: 41/41 MP: 5/5
  2026 | D:3      | Reached skill level 1 in Conjurations
  2026 | D:3      | Reached skill level 1 in Hexes
  2026 | D:3      | Reached skill level 1 in Summonings
  2026 | D:3      | Reached skill level 1 in Necromancy
  2026 | D:3      | Reached skill level 1 in Translocations
  2026 | D:3      | Reached skill level 1 in Fire Magic
  2026 | D:3      | Reached skill level 1 in Ice Magic
  2026 | D:3      | Reached skill level 1 in Air Magic
  2026 | D:3      | Reached skill level 1 in Earth Magic
  2026 | D:3      | Reached skill level 1 in Alchemy
  2113 | D:3      | Found the +7 staff of the Meek {protect, meekguard}
  2206 | D:3      | Found Hanicku's Armour Shop.
  2356 | D:3      | Found a white marble altar of Elyvilon.
  2356 | D:3      | Found a broken altar of Ashenzari.
  2362 | D:3      | Found a faded altar of an unknown god.
  2364 | D:3      | Found a hazy altar of Hepliaklqana.
  2366 | D:3      | Found a basalt altar of Yredelemnul.
  2443 | D:4      | Reached XP level 5. HP: 35/47 MP: 7/7
  2446 | D:4      | Noticed Ijyb
  2453 | D:4      | Noticed an ogre
  2455 | D:4      | Killed Ijyb
  2458 | D:4      | Noticed Grinder
  2463 | D:4      | Killed an ogre
  2464 | D:4      | Reached skill level 5 in Armour
  2464 | D:4      | Reached skill level 5 in Dodging
  2464 | D:4      | Reached XP level 6. HP: 53/53 MP: 8/8
  2475 | D:4      | Paralysed by Grinder for 2 turns
  2515 | D:4      | Paralysed by Grinder for 2 turns
  2519 | D:4      | Paralysed by Grinder for 2 turns
  2525 | D:4      | Killed Grinder
  2526 | D:4      | Reached XP level 7. HP: 47/60 MP: 8/10
  2646 | D:4      | Found a staircase to the Ecumenical Temple.
  2653 | D:4      | Noticed Edmund
  2660 | D:4      | Killed Edmund
  2858 | D:4      | Found a runed translucent door.
  2859 | D:4      | Noticed Crazy Yiuf
  3053 | D:4      | Killed Crazy Yiuf
  3170 | D:5      | Entered Level 5 of the Dungeon
  3360 | D:5      | Reached XP level 8. HP: 67/67 MP: 12/12
  3593 | D:5      | Found a sparkling altar of Nemelex Xobeh.
  3676 | D:5      | Noticed Pikel
  3689 | D:5      | Killed Pikel
  3690 | D:5      | Reached XP level 9. HP: 73/73 MP: 14/14
  3706 | D:5      | Found Enufufas's Antique Weapon Emporium.
  4556 | D:6      | Reached *** piety under Trog
  4833 | D:6      | Reached skill level 5 in Invocations
  5486 | D:7      | Noticed Menkaure
  5494 | D:7      | Killed Menkaure
  5576 | D:7      | Reached skill level 5 in Short Blades
  5576 | D:7      | Reached skill level 5 in Long Blades
  5576 | D:7      | Reached skill level 5 in Maces & Flails
  5576 | D:7      | Reached skill level 5 in Polearms
  5576 | D:7      | Reached skill level 5 in Staves
  5576 | D:7      | Reached skill level 5 in Ranged Weapons
  5576 | D:7      | Reached skill level 5 in Throwing
  5576 | D:7      | Reached skill level 5 in Stealth
  5576 | D:7      | Reached skill level 5 in Shields
  5576 | D:7      | Reached skill level 5 in Unarmed Combat
  5576 | D:7      | Reached skill level 5 in Spellcasting
  5576 | D:7      | Reached skill level 5 in Evocations
  5576 | D:7      | Reached XP level 10. HP: 44/81 MP: 17/17
  5809 | D:7      | Found Niov's Specific Store.
  5811 | D:7      | Found Leomerch's General Store.
  7005 | D:8      | Reached **** piety under Trog
  7175 | D:8      | Noticed a two-headed ogre
  7182 | D:8      | Killed a two-headed ogre
  7183 | D:8      | Reached skill level 5 in Shapeshifting
  7744 | D:9      | Noticed a boulder beetle
  7766 | D:9      | Killed a boulder beetle
  7887 | D:9      | Noticed Maurice
  7903 | D:9      | Killed Maurice
  8078 | D:9      | Found a shimmering altar of Xom.
  8275 | D:10     | Entered Level 10 of the Dungeon
  8295 | D:10     | Reached skill level 5 in Conjurations
  8295 | D:10     | Reached skill level 5 in Hexes
  8295 | D:10     | Reached skill level 5 in Summonings
  8295 | D:10     | Reached skill level 5 in Necromancy
  8295 | D:10     | Reached skill level 5 in Translocations
  8295 | D:10     | Reached skill level 5 in Fire Magic
  8295 | D:10     | Reached skill level 5 in Ice Magic
  8295 | D:10     | Reached skill level 5 in Air Magic
  8295 | D:10     | Reached skill level 5 in Earth Magic
  8295 | D:10     | Reached skill level 5 in Alchemy
  8366 | D:10     | Reached XP level 11. HP: 83/89 MP: 20/20
  8416 | D:10     | Noticed a two-headed ogre
  8423 | D:10     | Killed a two-headed ogre
  8643 | D:10     | Found a staircase to the Orcish Mines.
  9124 | D:10     | Slain by a water elemental

Illustrated notes

Levels and vault maps discovered:
D:1:      mrwooster_arrival_statue, layout_basic, nrook_loot_triangle
D:2:      layout_basic
D:3:      layout_rooms, chequers_temple_overflow_minitemple, serial_shops,
          nicolae_shop_rolling_square, chequers_serial_rivers_marsh,
          chequers_serial_rivers_micro_d, pf_guarded_unrand_meek
D:4:      layout_cave_pools, minmay_temple_entry_hall,
          nicolae_twisty_statue_hallways, uniq_edmund, uniq_crazy_yiuf_cottage,
          uniq_grinder, uniq_ijyb
D:5:      layout_loops_cross, nemelex_xobeh_ov_fountains_minmay, serial_shops,
          nicolae_shop_crystal, kennysheep_crisscross,
          chequers_serial_rivers_marsh, uniq_pikel
D:6:      old_forge, layout_basic
D:7:      layout_layer_cave, mumra_transporter_accident, nicolae_specific_store,
          uniq_menkaure
D:8:      layout_cave_pools
D:9:      layout_gridville, general_overflow_altar, glass_columns_a,
          serial_park_tiny_pond, uniq_maurice
D:10:     layout_basic, david_orc_3, nicolae_underground_beach

Skill      XL: |  1  2  3  4  5  6  7  8  9 10 11 |
---------------+----------------------------------+-----
Invocations    | 1 2 3 4 5 6 7 |  7.1
Short Blades   | 1 2 3 5 6 |  6.5
Long Blades    | 1 2 3 5 6 |  6.5
Maces & Flails | 1 2 3 5 6 |  6.5
Polearms       | 1 2 3 5 6 |  6.5
Staves         | 1 2 3 5 6 |  6.5
Ranged Weapons | 1 2 3 5 6 |  6.5
Throwing       | 1 2 3 5 6 |  6.5
Stealth        | 1 2 3 5 6 |  6.5
Shields        | 1 2 3 5 6 |  6.5
Unarmed Combat | 1 2 3 5 6 |  6.5
Spellcasting   | 1 2 3 5 6 |  6.5
Evocations     | 1 2 3 5 6 |  6.5
Shapeshifting  | 1 2 3 4 5 |  5.9
Conjurations   | 1 2 3 4 5 |  5.4
Hexes          | 1 2 3 4 5 |  5.4
Summonings     | 1 2 3 4 5 |  5.4
Necromancy     | 1 2 3 4 5 |  5.4
Translocations | 1 2 3 4 5 |  5.4
Fire Magic     | 1 2 3 4 5 |  5.4
Ice Magic      | 1 2 3 4 5 |  5.4
Air Magic      | 1 2 3 4 5 |  5.4
Earth Magic    | 1 2 3 4 5 |  5.4
Alchemy        | 1 2 3 4 5 |  5.4
Armour         | 5 6 7 8 |  8.0
Dodging        | 5 6 7 8 |  8.0
Fighting       | 7 8 9 |  9.3
Axes           | 7 8 9 |  9.3

Action                     |  1- 3 |  4- 6 |  7- 9 | 10-12 || total
---------------------------+-------+-------+-------+-------++-------
  Melee: Hand axe          |    37 |       |       |       ||    37
         War axe           |    79 |    25 |       |    16 ||   120
         Bite              |     8 |     7 |    20 |    34 ||    69
         Quarterstaff      |       |    41 |   223 |   190 ||   454
         Punch             |       |       |       |     1 ||     1
  Throw: Boomerang         |       |     1 |       |     2 ||     3
         Dart              |       |       |     2 |    15 ||    17
 Invoke: Berserk           |     1 |     2 |     5 |     8 ||    16
         Trog's Hand       |       |     2 |       |       ||     2
    Use: Scroll            |       |       |    18 |     2 ||    20
 Armour: Animal skin       |    14 |       |       |       ||    14
         Scale mail        |    58 |    50 |   140 |   177 ||   425
         Leather armour    |     2 |       |       |       ||     2
  Dodge: Dodged            |    71 |    32 |   162 |   121 ||   386

Table legend: (Time is in decaauts)
 A = Elapsed time spent in this place.
 B = Non-inter-level travel time spent in this place.
 C = Inter-level travel time spent in this place.
 D = Time resting spent in this place.
 E = Time spent auto-exploring this place.
 F = Levels seen in this place.
 G = Mean time per level.
                   A        B        C        D        E       F      G
               +--------+--------+--------+--------+--------+-----+--------+
         Total |   9358 |   9036 |    322 |    407 |   6984 |  10 |  935.8 |
       Dungeon |   9358 |   9036 |    322 |    407 |   6984 |  10 |  935.8 |
               +--------+--------+--------+--------+--------+-----+--------+

Top non-repeatable levels by time:
     D:7: 1667 daAuts
     D:6: 1332 daAuts
     D:1: 943 daAuts
    D:10: 898 daAuts
     D:9: 822 daAuts
     D:5: 809 daAuts
     D:4: 786 daAuts
     D:3: 783 daAuts
     D:2: 767 daAuts
     D:8: 547 daAuts
